 Dungeon Crawl Stone Soup version 0.19.0-19-g8c6edcc (webtiles) character file.

96 Haldmier the Slasher (level 4, 0/29 HPs)
             Began as a High Elf Skald on Nov 15, 2016.
             Killed from afar by an orc wizard (9 damage)
             ... with a magic dart
             ... on level 4 of the Dungeon.
             The game lasted 00:14:11 (3549 turns).

Haldmier the Slasher (High Elf Skald)               Turns: 3549, Time: 00:14:12

Health: 0/29       AC:  4    Str:  9 (12) XL:     4   Next: 41%
Magic:  8/8        EV: 10    Int: 13 (16) God:
Gold:   173        SH:  4    Dex: 11 (14) Spells: 3 memorised, 2 levels left

rFire  . . .     SeeInvis .     a - +0 falchion
rCold  . . .     Gourm    .     w - +0 leather armour
rNeg   . . .     Faith    .     h - +0 buckler
rPois  .         Spirit   .     (no helmet)
rElec  .         Reflect  .     (no cloak)
rCorr  .         Harm     .     i - +0 pair of gloves
MR     .....                    (no boots)
Stlth  +.........               (no amulet)
                                (no ring)
                                (no ring)

@: starving
A: no striking features
a: no special abilities


You were on level 4 of the Dungeon.
You were starving.

You visited 1 branch of the dungeon, and saw 4 of its levels.

You collected 173 gold pieces.

Inventory:

Hand Weapons
 a - a +0 falchion (weapon)
 b - a +2 hunting sling of velocity
Missiles
 k - 6 tomahawks (quivered)
 x - 120 stones
 y - 16 sling bullets
Armour
 h - a +0 buckler (worn)
 i - a +0 pair of gloves (worn)
 l - a +0 ring mail
 w - a +0 leather armour (worn)
Magical Staves
 C - an uncursed staff of death {unknown}
Jewellery
 o - a cursed ring of protection from cold {unknown}
Scrolls
 e - a scroll of random uselessness {unknown}
 f - a scroll of remove curse {unknown}
 g - 2 scrolls of amnesia {unknown}
 j - a scroll of fear {unknown}
 s - a scroll of fog {unknown}
 z - 3 scrolls of identify {unknown}
 B - 2 scrolls of magic mapping {unknown}
Potions
 m - a potion of invisibility {unknown}
 n - 2 potions of curing
 p - a potion of lignification {unknown}
 q - a potion of cancellation {unknown}
 t - a potion of degeneration
 u - a potion of heal wounds {unknown}
 v - a potion of agility {unknown}
Books
 c - a book of Battle

   Spells                             Type                      Level
   a - Infusion                       Charms                       1
   b - Shroud of Golubria             Charms/Translocation         2
   c - Song of Slaying                Charms                       2
   d - Spectral Weapon                Hexes/Charms                 3
   e - Regeneration                   Charms/Necromancy            3
Comestibles
 d - 5 bread rations
 r - a meat ration
 A - a royal jelly


   Skills:
 - Level 2.0 Fighting
 + Level 4.0 Long Blades
 - Level 0.8 Armour
 - Level 1.1 Dodging
 + Level 1.8 Shields
 - Level 2.5 Spellcasting
 + Level 1.2 Hexes
 - Level 3.6 Charms
 + Level 1.4 Translocations


You had 2 spell levels left.
You knew the following spells:

 Your Spells              Type           Power        Failure   Level  Hunger
a - Infusion              Chrm           ##..         12%         1    #......
b - Shroud of Golubria    Chrm/Tloc      #.........   24%         2    ###....
c - Spectral Weapon       Hex/Chrm       #.......     52%         3    ###....


Dungeon Overview and Level Annotations

Branches:
Dungeon (4/15)
 Temple: D:4-7

Altars:
Elyvilon
Sif Muna

Annotations:
D:3 Cokeysmoke's ghost, amateur GrMo
D:4 Eustachio; Grinder


Message History

The orc priest shouts!
The orc wizard gestures wildly while chanting.
The orc wizard seems to speed up.
The orc wizard casts a spell at you. The magic dart hits you!
The orc wizard casts a spell at you. The puff of frost hits you!
The orc wizard miscasts a cantrip.
You are starving!
The orc wizard hits you with a dagger.
The orc wizard mumbles some strange words.
There is an open door here.
The orc wizard hits you with a dagger.
The orc wizard begins to cast a cantrip, but forgets the words!
The orc wizard casts a spell.
The orc wizard gestures at you while chanting.
The puff of flame hits you!
The orc wizard points at you and mumbles some strange words.
The magic dart hits you!
You die...

... ..oo.o.. ..# ######## ### #.#
# ..# #.# # #.# #.# ##### # #.#
#.# #...# ##### # #.# #.# #...#
#...# #
#####.###.###...###########...###
................@.o....o..'o...##
#####..######...###########....##
... #.......#........#..# #....##
##.##...###.#.###........ #...o..
...........<....#.#.....# #...###
###.#.###########.# ....# #...#
................#.# #..# #...#
.......########.#.# .. #...#
####..#########.#.####### #####


You could see an orc wizard and an orc.

Vanquished Creatures
  3 adders
  An ooze (D:3)
  2 dart slugs (D:1)
  An orc (D:3)
  3 giant cockroaches (D:1)
  6 hobgoblins
  7 jackals
  5 kobolds
  A quokka (D:3)
  2 ball pythons
  7 bats
  5 frilled lizards
  7 goblins
  12 rats
62 creatures vanquished.

Notes
Turn   | Place    | Note
-------+----------+-------------------------------------------
     0 | D:1      | Haldmier the High Elf Skald began the quest for the Orb.
     0 | D:1      | Reached XP level 1. HP: 14/14 MP: 4/4
   114 | D:1      | Reached skill level 3 in Long Blades
   317 | D:1      | Reached XP level 2. HP: 17/19 MP: 1/6
   367 | D:1      | Learned a level 2 spell: Shroud of Golubria
   712 | D:1      | Reached skill level 1 in Shields
   893 | D:1      | Reached XP level 3. HP: 23/24 MP: 4/7
  1048 | D:2      | Learned a level 3 spell: Spectral Weapon
  1115 | D:2      | Reached skill level 1 in Translocations
  1495 | D:3      | Noticed Cokeysmoke's ghost (amateur GrMo)
  1898 | D:3      | Reached skill level 1 in Hexes
  1898 | D:3      | Reached XP level 4. HP: 24/29 MP: 4/8
  3093 | D:4      | Found a deep blue altar of Sif Muna.
  3113 | D:4      | Noticed Grinder
  3201 | D:4      | Found a white marble altar of Elyvilon.
  3202 | D:4      | Noticed Eustachio
  3208 | D:4      | Reached skill level 4 in Long Blades
  3549 | D:4      | Killed from afar by an orc wizard

Skill      XL: |  1  2  3  4 |
---------------+-------------+-----
Long Blades    | 3 4 |  4.0
Shields        | 1 |  1.8
Translocations | 1 |  1.4
Hexes          | 1 |  1.2
Fighting       | |  2.0
Armour         | |  0.8
Dodging        | |  1.1
Spellcasting   | |  2.5
Charms         | |  3.6

Action                   |  1- 3 |  4- 6 || total
-------------------------+-------+-------++-------
Melee: Falchion          |   107 |    49 ||   156
Throw: Tomahawk          |     1 |       ||     1
 Cast: Infusion          |    25 |     6 ||    31
       Shroud of Golubri |     1 |     4 ||     5
  Use: Potion            |       |     2 ||     2
  Eat: Chunk             |     4 |     3 ||     7
Armor: Leather armour    |    30 |    25 ||    55
Dodge: Dodged            |    40 |    16 ||    56
Block: Buckler           |    22 |    14 ||    36
       Rpst.: Falchion   |    13 |     3 ||    16
